 Dungeon Crawl Stone Soup version 0.26-a0-540-g8a0c9464d7 (webtiles) character file.

Game seed: 5773929634328372574

21 Inarius the Skirmisher (level 2, -2/24 HPs)
             Began as a Mummy Chaos Knight on Aug 24, 2020.
             Was a Plaything of Xom.
             Slain by a lindwurm (glowing shapeshifter) (3 damage)
             ... on level 2 of the Dungeon.
             The game lasted 00:00:55 (1085 turns).

Inarius the Skirmisher (Mummy Chaos Knight)         Turns: 1085, Time: 00:00:57

Health: -2/24      AC:  6    Str: 15    XL:     2   Next: 62%
Magic:  2/2        EV: 11    Int: 11    God:    Xom [..*...]
Gold:   73         SH:  0    Dex: 11    Spells: 1/1 levels left

rFire    x . .     SeeInvis .   a - +0 hand axe (chaos)
rCold    + . .     Faith    .   (no shield)
rNeg     + + +     Spirit   .   b - +2 leather armour
rPois    ∞         Reflect  .   e - +0 helmet
rElec    .         Harm     .   (no cloak)
rCorr    .                      (no gloves)
MR       .....                  (no boots)
Stlth    +.........             (no amulet)
HPRegen  0.08/turn              (no ring)
MPRegen  0.08/turn              (no ring)

@: no status effects
A: no potions, fire vulnerability, cold resistance 1, negative energy resistance
3, torment resistance, unbreathing
a: Renounce Religion


You were on level 2 of the Dungeon.
You worshipped Xom.
You were a toy of Xom.
You visited 1 branch of the dungeon, and saw 2 of its levels.

You collected 73 gold pieces.

Inventory:

Hand Weapons
 a - a +0 hand axe of chaos (weapon)
Armour
 b - a +2 leather armour (worn)
 d - a +0 ring mail
 e - a +0 helmet (worn)
Scrolls
 c - 2 scrolls of identify {unknown}
 f - 3 scrolls of teleportation {unknown}
 g - a scroll of random uselessness {unknown}


   Skills:
 + Level 3.3 Fighting
 * Level 2.9 Axes
 + Level 1.6 Armour
 + Level 0.8 Dodging


You had one spell level left.
You didn't know any spells.
Your spell library was empty.

Dungeon Overview and Level Annotations

Branches:
Dungeon (2/15)

Altars:


Innate Abilities, Weirdness & Mutations

You do not drink.
Your flesh is vulnerable to fire.
You are immune to poison.
Your flesh is cold resistant. (rC+)
You are immune to negative energy. (rN+++)
You are immune to unholy pain and torment.
You can survive without breathing.


Message History

You kill the jackal!
Something bites you. The lindwurm bites you. The lindwurm barely misses you.
The lindwurm claws you.
Unknown command.
You are too injured to fight recklessly!
Unknown command.
You are too injured to fight recklessly!
Unknown command.
You hit the lindwurm but do no damage.
Your leather armour prevents you from hitting something.
Something bites you but does no damage. x2; The lindwurm closely misses you.
The lindwurm claws you but does no damage.
The lindwurm claws you.
You hit the lindwurm but do no damage. You barely miss something.
Something bites you but does no damage. The lindwurm bites you!
* * * LOW HITPOINT WARNING * * *
A shower of butterflies erupts from you!
The lindwurm barely misses you. The lindwurm claws you.
You die...
Xom howls with laughter!

#.......#.####.##.
#...#!..#.###...#.
#...###.#.##......
#.........###...##
###.####### ##.##
#...# #.# #.#.#
#.# ####b#b####
##'### #.b.@kb...#
##...#.
#.###{..#.#
##...... # h....#
#....... .#...##
#........ .....
+...>....
.).####........
#.## ##....... .#
##.....# ##...##


You could see a lindwurm shaped shifter and a jackal.

Vanquished Creatures
  A giant cockroach (D:1)
  3 goblins (D:1)
  5 hobgoblins (D:1)
  A jackal (D:2)
  2 bats (D:1)
  3 frilled lizards
  2 kobolds (D:1)
  4 rats (D:1)
21 creatures vanquished.

Notes
Turn   | Place    | Note
-------+----------+-------------------------------------------
     0 | D:1      | Inarius the Mummy Chaos Knight began the quest for the Orb.
     0 | D:1      | Reached XP level 1. HP: 18/18 MP: 1/1
   332 | D:1      | XOM: silly message
   379 | D:1      | XOM: silly message
   407 | D:1      | XOM: butterfly on damage
   412 | D:1      | Reached XP level 2. HP: 15/24 MP: 2/2
  1045 | D:2      | XOM: summons 2 hostile shadow creatures
  1046 | D:2      | XOM: polymorph goblin -> frilled lizard
  1082 | D:2      | Noticed a glowing shapeshifter
  1082 | D:2      | a jackal changed into a glowing shapeshifter
  1082 | D:2      | Noticed a lindwurm
  1082 | D:2      | a glowing shapeshifter changed into a lindwurm
  1085 | D:2      | HP: 1/24 [lindwurm (glowing shapeshifter) (9)]
  1085 | D:2      | XOM: butterfly on damage
  1085 | D:2      | Slain by a lindwurm (glowing shapeshifter)

Illustrated notes

Levels and vault maps discovered:
D:1:      lemuel_arrival_hallway, layout_loops_ring, minmay_crystal_water
D:2:      layout_loops_corners, grunt_temple_overflow_order_and_chaos_1,
          minmay_misc_feat_iff, minmay_rat_gold_closets

Action                   || total
-------------------------++-------
Melee: Hand axe          ||    77
 Stab: Petrified         ||     4
       Sleeping          ||     1
Armor: Leather armour    ||    33
Dodge: Dodged            ||    43

Table legend: (Time is in decaauts)
 A = Elapsed time spent in this place.
 B = Non-inter-level travel time spent in this place.
 C = Inter-level travel time spent in this place.
 D = Time resting spent in this place.
 E = Time spent auto-exploring this place.
 F = Levels seen in this place.
 G = Mean time per level.
                   A        B        C        D        E       F      G
               +--------+--------+--------+--------+--------+-----+--------+
         Total |   1098 |   1052 |     46 |    198 |    660 |   2 |  549.0 |
       Dungeon |   1098 |   1052 |     46 |    198 |    660 |   2 |  549.0 |
               +--------+--------+--------+--------+--------+-----+--------+

Top non-repeatable levels by time:
     D:1: 1029 daAuts
     D:2: 68 daAuts
